 Dungeon Crawl Stone Soup version 0.21-a0-348-ga060c75 (webtiles) character file.

9556 4thArraOfDagon the Martial Artist (level 11, 0/91 HPs)
             Began as a White Draconian Ice Elementalist on Oct 6, 2017.
             Was a Believer of Cheibriados.
             Slain by a red ugly thing (13 damage)
             ... on level 11 of the Dungeon.
             The game lasted 00:30:28 (6316 turns).

4thArraOfDagon the Martial Artist (DrIE)            Turns: 6316, Time: 00:30:29

Health: 0/91       AC:  8    Str: 22    XL:     11   Next: 24%
Magic:  2/16       EV: 16    Int: 28    God:    Cheibriados [**....]
Gold:   580        SH:  0    Dex: 18    Spells: 10/17 levels left

rFire    + . .     SeeInvis .     - Unarmed
rCold    + + .     Gourm    .   (no shield)
rNeg     + . .     Faith    .   (armour unavailable)
rPois    +         Spirit   .   (helmet restricted)
rElec    +         Reflect  .   D - scarf {repulsion}
rCorr    +         Harm     +   o - +0 pair of gloves
MR       .....                  (no boots)
Stlth    ++........             t - amulet of harm
HPRegen  0.25/turn              m - +4 ring of intelligence
MPRegen  0.15/turn              p - ring of positive energy

@: mighty, resistant, repel missiles, very slow
A: breathe frost, unfitting armour, cold resistance 1, cold-blooded, AC +7
a: Breathe Frost, Bend Time, Renounce Religion


You were on level 11 of the Dungeon.
You worshipped Cheibriados.
Cheibriados was pleased with you.
You were not hungry.

You visited 2 branches of the dungeon, and saw 13 of its levels.
You also visited: Labyrinth.

You collected 580 gold pieces.

Inventory:

Armour
 l - a +0 cloak
 o - a +0 pair of gloves (worn)
 D - a scarf of repulsion (worn)
 F - a +0 buckler
Magical Staves
 L - an uncursed staff of wizardry {unknown}
 O - an uncursed staff of energy {unknown}
Jewellery
 m - a +4 ring of intelligence (left hand)
 p - a ring of positive energy (right hand)
 t - an amulet of harm (around neck)
 x - a cursed ring of teleportation {unknown}
 K - an uncursed ring of flight
Wands
 c - a wand of lightning (0/15)
 i - a wand of lightning (0/15)
 q - a wand of iceblast (0/15)
 A - a wand of confusion (9/48)
 B - a wand of scattershot (0/9)
Scrolls
 e - 3 scrolls of teleportation {unknown}
 f - 2 scrolls of enchant armour
 h - 3 scrolls of recharging
 j - a scroll of enchant weapon {unknown}
 k - a scroll of acquirement {unknown}
 n - a scroll of remove curse
 s - a scroll of random uselessness {unknown}
 v - 2 scrolls of amnesia
 y - 4 scrolls of magic mapping
 z - a scroll of summoning
 M - a scroll of fog {unknown}
Potions
 d - a potion of haste
 u - a potion of lignification {unknown}
 H - a potion of brilliance {unknown}
 J - a potion of flight {unknown}
Books
 a - a book of Frost

   Spells                             Type                      Level
   a - Freeze                         Ice                          1
   b - Throw Frost                    Conjuration/Ice              2
   c - Ozocubu's Armour               Charms/Ice                   3
   d - Throw Icicle                   Conjuration/Ice              4
   e - Summon Ice Beast               Ice/Summoning                4
 C - a book of Necromancy

   Spells                             Type                      Level
   a - Pain                           Necromancy                   1
   b - Animate Skeleton               Necromancy                   1
   c - Vampiric Draining              Necromancy                   3
   d - Regeneration                   Charms/Necromancy            3
   e - Animate Dead                   Necromancy                   4
   f - Control Undead                 Necromancy                   4
Miscellaneous
 I - a lamp of fire (inert)
Comestibles
 b - 9 bread rations
 g - 6 meat rations
 w - 4 royal jellies


   Skills:
 + Level 6.7 Fighting
 + Level 5.9 Dodging
 - Level 1.7 Stealth
 * Level 12.2 Unarmed Combat
 + Level 3.9 Spellcasting
   Level 1.0 Conjurations
 - Level 3.4 Charms
 - Level 3.7 Necromancy
 - Level 4.6 Ice Magic
 + Level 5.4 Invocations


You had 10 spell levels left.
You knew the following spells:

 Your Spells              Type           Power        Failure   Level  Hunger
a - Freeze                Ice            ####         1%          1    None
b - Ozocubu's Armour      Chrm/Ice       ####....     4%          3    ##.....
c - Regeneration          Chrm/Necr      ####......   4%          3    ##.....


Dungeon Overview and Level Annotations

Branches:
Dungeon (12/15)            Temple (1/1) D:5            Lair (0/6) D:8
    Orc (0/2) D:11

Altars:
Ashenzari
Cheibriados
Dithmenos
Fedhas
Gozag
Kikubaaqudgha
Nemelex Xobeh
Okawaru
Ru
Sif Muna
Uskayaw
Vehumet
Xom
Yredelemnul
Zin
The Shining One
Beogh

Shops:
D:6 %   D:11 %

Annotations:
D:4 Grinder


Innate Abilities, Weirdness & Mutations

You can breathe waves of freezing cold.
You can buffet flying creatures when you breathe cold.
Your icy white scales are hard. (AC +7)
You cannot fit into any form of body armour.
Your flesh is cold resistant. (rC+)
You are cold-blooded and may be slowed by cold attacks.


Message History

Unknown command.
Evoke which item? (* to show all) (? for menu, Esc to quit)
Aiming: Confuse
Press: ? - help, Shift-Dir - straight line, f/p - red ugly thing
Aim: a red ugly thing (chance to defeat MR: 28%)
The red ugly thing easily resists.
This wand has 9 charges left.
The red ugly thing headbutts you.
* * * LOW HITPOINT WARNING * * *
You are engulfed in flames!
You resist.
* * * LOW HITPOINT WARNING * * *
Unknown command.
Unknown command.
Unknown command.
You feel better. The red ugly thing barely misses you.
Unknown command.
You feel very mighty all of a sudden. The red ugly thing headbutts you.
* * * LOW HITPOINT WARNING * * *
You are engulfed in flames!
You resist.
You die...

#.#........# *,*
#.#........# *,*
#.#........# *,*
#.#........# *,*
#..........#**,*
#.#.#.#.....,,,****
#..........#*,,,,,,
#.#.#.#....#*,,,,,,
#.@u.......#*,,,***
#.#.#.#....##...#
#..........##...#
#.##.<.....##...#
#$*#.......##...#
#>*#.......##...#
#.*#.......##...#
#.*#.......##...#
*,*#.......##...#


You could see a red ugly thing.

Vanquished Creatures
  A minotaur (Lab)
  2 two-headed ogres
  An unseen horror (D:10)
  A cyclops (D:10)
  A manticore (D:11)
  The ghost of sergedm the Thaumaturge, a novice DECj of Vehumet (D:6)
  Prince Ribbit (D:6)
  4 hippogriffs
  4 basilisks (Lab)
  A wyvern (D:10)
  4 hogs
  A human (D:7)
  An acid dragon (D:11)
  A water moccasin (D:7)
  2 hell hounds (D:8)
  2 ice beasts
  2 sky beasts (D:11)
  A necrophage (D:4)
  4 ogres
  3 centaurs
  2 crocodiles
  A big kobold (D:10)
  6 bullfrogs
  3 scorpions
  3 killer bees (D:7)
  7 howler monkeys
  5 crimson imps
  5 jellies
  A centaur zombie (D:6)
  2 hounds
  3 orc priests
  3 bullfrog skeletons
  3 centaur skeletons
  4 orc wizards
  3 iguanas
  Ijyb (D:5)
  6 worker ants
  2 hound zombies
  2 hound skeletons
  7 adders
  A shadow imp (D:6)
  3 oozes
  An adder zombie (D:7)
  2 worms
  A dart slug (D:1)
  4 leopard geckos
  7 orcs
  A bat zombie (D:2)
  A giant cockroach (D:3)
  3 hobgoblins (D:3)
  4 jackals (D:6)
  4 quokkas
  A ball python (D:3)
  A ball python skeleton (D:2)
  4 bats
  2 frilled lizards
  5 goblins
  A jackal skeleton (D:2)
  9 kobolds
  2 rats
164 creatures vanquished.

Notes
Turn   | Place    | Note
-------+----------+-------------------------------------------
     0 | D:1      | 4thArraOfDagon the Draconian Ice Elementalist began the quest for the Orb.
     0 | D:1      | Reached XP level 1. HP: 14/14 MP: 3/3
    63 | D:1      | Reached skill level 1 in Unarmed Combat
   158 | D:1      | Reached XP level 2. HP: 14/20 MP: 0/5
   289 | D:2      | Reached skill level 2 in Unarmed Combat
   454 | D:2      | Reached XP level 3. HP: 21/26 MP: 0/6
   597 | D:3      | Reached skill level 3 in Unarmed Combat
   679 | D:4      | Noticed a scorpion
   764 | D:5      | Entered Level 5 of the Dungeon
   767 | D:5      | Noticed Ijyb
   774 | D:5      | Killed Ijyb
   774 | D:5      | Reached skill level 4 in Unarmed Combat
   774 | D:5      | Reached XP level 4. HP: 33/33 MP: 4/7
   797 | D:6      | Noticed Prince Ribbit
   818 | D:6      | Found Peavvasu's Food Shop.
   905 | D:6      | Noticed a bullfrog
   927 | D:6      | Noticed an ogre
   929 | D:6      | Noticed sergedm's ghost (novice DECj)
   936 | D:6      | Killed an ogre
   936 | D:6      | Reached skill level 5 in Unarmed Combat
   936 | D:6      | Reached XP level 5. HP: 22/38 MP: 6/8
   940 | D:6      | Reached XP level 6. HP: 22/45 MP: 6/9
   944 | D:6      | Killed sergedm's ghost
   944 | D:6      | Reached skill level 7 in Unarmed Combat
   944 | D:6      | Your scales start taking on an icy white colour.
   944 | D:6      | Reached XP level 7. HP: 33/50 MP: 6/10
   944 | D:6      | Gained mutation: Your flesh is cold resistant. (rC+) [White Draconian growth]
  1103 | D:6      | Killed Prince Ribbit
  1103 | D:6      | Reached skill level 8 in Unarmed Combat
  1580 | D:4      | Reached skill level 1 in Fighting
  1580 | D:4      | Reached skill level 9 in Unarmed Combat
  1580 | D:4      | Reached XP level 8. HP: 36/59 MP: 7/11
  1595 | D:4      | Noticed Grinder
  1740 | D:4      | Learned a level 3 spell: Ozocubu's Armour
  1741 | D:4      | Noticed a hand axe
  1742 | D:4      | Noticed a hand axe
  1745 | D:4      | Found a hide-covered altar of Uskayaw.
  2668 | D:5      | Found a radiant altar of Vehumet.
  2671 | D:5      | Found a staircase to the Ecumenical Temple.
  2686 | Temple   | Entered the Ecumenical Temple
  2718 | Temple   | Became a worshipper of Cheibriados the Contemplative
  2934 | D:5      | Reached skill level 10 in Unarmed Combat
  3113 | D:6      | Found a shimmering altar of Xom.
  3212 | D:7      | Noticed a hippogriff
  3221 | D:7      | Killed a hippogriff
  3221 | D:7      | Reached XP level 9. HP: 42/71 MP: 5/12
  3291 | D:7      | Reached * piety under Cheibriados
  3304 | D:7      | Reached skill level 1 in Invocations
  3485 | D:6      | Found an ancient bone altar of Kikubaaqudgha.
  3485 | D:6      | Found a deep blue altar of Sif Muna.
  3698 | D:7      | Reached skill level 5 in Fighting
  3698 | D:7      | Reached skill level 11 in Unarmed Combat
  4036 | D:7      | Found a shattered altar of Ashenzari.
  4125 | D:7      | Found a glowing golden altar of the Shining One.
  4175 | D:8      | Learned a level 3 spell: Regeneration
  4195 | D:8      | Found a staircase to the Lair.
  4392 | D:8      | Reached skill level 5 in Dodging
  4392 | D:8      | Reached XP level 10. HP: 66/81 MP: 10/13
  4467 | D:8      | Found a glowing silver altar of Zin.
  4468 | D:8      | Noticed a cyclops
  4488 | D:8      | Found a sacrificial altar of Ru.
  4718 | D:8      | Found a roughly hewn altar of Beogh.
  4831 | D:10     | Entered Level 10 of the Dungeon
  4844 | D:10     | Reached ** piety under Cheibriados
  5053 | D:10     | Killed an unseen horror
  5053 | D:10     | Reached skill level 1 in Charms
  5053 | D:10     | Reached skill level 1 in Necromancy
  5072 | D:10     | Noticed a cyclops
  5181 | D:10     | Killed a cyclops
  5563 | D:11     | Found Jixiwk Zusa's Food Shop.
  5565 | D:11     | Noticed a manticore
  5580 | D:11     | Killed a manticore
  5606 | D:11     | Found a labyrinth entrance.
  5615 | Lab      | Entered a labyrinth
  5890 | Lab      | Noticed a minotaur
  5908 | Lab      | Killed a minotaur
  5918 | Lab      | Identified the Papyrus of the Unstable Arsonist
  5938 | D:11     | Reached *** piety under Cheibriados
  5955 | D:11     | Reached XP level 11. HP: 66/90 MP: 16/16
  5959 | D:11     | Reached skill level 5 in Invocations
  5998 | D:11     | Reached skill level 12 in Unarmed Combat
  6094 | D:11     | Noticed a red ugly thing
  6111 | D:12     | Noticed a two-headed ogre
  6124 | D:12     | Killed a two-headed ogre
  6260 | D:11     | Noticed a two-headed ogre
  6280 | D:11     | Killed a two-headed ogre
  6307 | D:11     | HP: 3/91 [red ugly thing (25)]
  6314 | D:11     | HP: 4/91 [red ugly thing (9)]
  6316 | D:11     | Slain by a red ugly thing

Vault maps used:
D:1:      evilmike_arrival_fibonacci_small
D:2:      kennysheep_six_static_rooms, serial_undead, serial_undead_a,
          serial_undead_c, serial_undead_a, serial_undead_c,
          chequers_ecumenical_altar_lobes, kennysheep_generic_room_16
D:3:      uniq_crazy_yiuf_cottage, uniq_sigmund
D:4:      dancing_weapons_uskayaw, first_bread, kennysheep_windowed_goal,
          uniq_grinder
D:5:      vehumet_crystals, minmay_temple_entry_statues_fountains,
          kennysheep_dice, uniq_ijyb
D:6:      nicolae_overflow_hidden_temple, serial_shops, shop,
          grunt_decor_arrowhead, uniq_prince_ribbit1
D:7:      lemuel_round_altar, grunt_livestock, serial_park_tiny_1, tso_altar
D:8:      lemuel_crystal_altar, marbit_many_paths, minmay_lair_entry_lava,
          david_defended_altar_orc
D:9:      minmay_misc_feat_pillars
D:11:     david_orc_4, lab_entry_generic, serial_co_window_serial,
          co_window_of_opportunity_a, co_window_paths_a, co_window_paths_b,
          co_window_paths_a, co_window_of_opportunity_a,
          co_window_of_opportunity_a, co_window_of_opportunity_b,
          co_window_broadway_b, co_window_paths_c, co_window_cross_3,
          co_window_2corner, co_window_unsneaky_path_a, glass_columns_a,
          glass_columns_b, glass_columns_c, glass_columns_a, glass_columns_a,
          serial_shops, shop
D:12:     minmay_ornate_pinched, uniq_erolcha
Temple:   jpeg_temple_clearing
Lab:      nicolae_lab_dead_adventurers, lab_statue, labyrinth_lava_lair,
          lab_hedge, nicolae_lab_swirl, labyrinth_skeletal_remains,
          nicolae_lab_very_dead_end

Skill      XL: |  1  2  3  4  5  6  7  8  9 10 11 |
---------------+----------------------------------+-----
Unarmed Combat | 1 2 4 5 7 9 10 11 12 | 12.2
Fighting       | 1 3 5 6 |  6.7
Dodging        | 2 3 5 |  5.9
Ice Magic      | 4 |  4.6
Invocations    | 3 4 5 |  5.4
Charms         | 3 |  3.4
Necromancy     | 3 |  3.7
Spellcasting   | 3 |  3.9
Stealth        | |  1.7
Conjurations   | |  1.0

Action                   |  1- 3 |  4- 6 |  7- 9 | 10-12 || total
-------------------------+-------+-------+-------+-------++-------
Melee: Unarmed           |    48 |    19 |   171 |   164 ||   402
       Tailslap          |     7 |     6 |    18 |    29 ||    60
       Punch             |       |       |    10 |    11 ||    21
Throw: Throwing net      |       |       |       |     1 ||     1
 Cast: Freeze            |    28 |     3 |   115 |    21 ||   167
       Regeneration      |       |       |       |     9 ||     9
Invok: Temporal Distorti |       |       |       |     5 ||     5
       Bend Time         |       |       |       |     1 ||     1
 Abil: Breathe Frost     |       |       |    20 |     7 ||    27
Evoke: Wand              |     1 |     5 |    18 |    29 ||    53
       Lamp of fire      |       |       |       |     1 ||     1
  Use: Scroll            |     5 |     1 |     7 |     5 ||    18
       Potion            |       |     4 |     4 |     6 ||    14
 Stab: Sleeping          |     2 |       |     2 |     2 ||     6
       Invisible         |       |     1 |       |       ||     1
       Confused          |       |       |     1 |     1 ||     2
       Held in net/web   |       |       |       |     1 ||     1
  Eat: Chunk             |       |       |    11 |     1 ||    12
       Fruit             |       |       |     3 |       ||     3
       Royal jelly       |       |       |     1 |     4 ||     5
Armor: Skin              |    22 |     6 |    91 |    42 ||   161
Dodge: Dodged            |    38 |    17 |   167 |   118 ||   340
       Deflected         |       |       |       |     6 ||     6

Table legend:
 A = Spawn XP
 B = Non-spawn XP
 C = Spawn XP percentage of total XP
 D = Spawn monster count
 E = Non-spawn monster count
 F = Spawn count percentage of total count
 G = Total turns spent on level
                    A         B        C        D         E        F      G
               +---------+---------+-------+---------+---------+-------+---------
         Total |       0 |   13652 |   0.0 |       0 |     164 |   0.0 |  6316
               +---------+---------+-------+---------+---------+-------+---------
           D:1 |       0 |      23 |   0.0 |       0 |      10 |   0.0 |   463
           D:2 |       0 |      62 |   0.0 |       0 |      19 |   0.0 |   473
           D:3 |       0 |     192 |   0.0 |       0 |      15 |   0.0 |   304
           D:4 |       0 |     515 |   0.0 |       0 |       9 |   0.0 |   611
           D:5 |       0 |     618 |   0.0 |       0 |      16 |   0.0 |   618
           D:6 |       0 |    1482 |   0.0 |       0 |      20 |   0.0 |   740
           D:7 |       0 |    2080 |   0.0 |       0 |      18 |   0.0 |   828
           D:8 |       0 |     647 |   0.0 |       0 |       8 |   0.0 |   438
           D:9 |       0 |     216 |   0.0 |       0 |       6 |   0.0 |   487
          D:10 |       0 |    2326 |   0.0 |       0 |      17 |   0.0 |   502
          D:11 |       0 |    2695 |   0.0 |       0 |      18 |   0.0 |   430
          D:12 |       0 |    1007 |   0.0 |       0 |       3 |   0.0 |    45
           Lab |       0 |    1789 |   0.0 |       0 |       5 |   0.0 |   316
               +---------+---------+-------+---------+---------+-------+---------
